Cogmind - Beta 11 X3 @@@ ROGUE MODE // 2021.03.25 @ 08:37:48 Player: Luigi Panache Result: Destroyed by 12-ASH with 12-ASH's Boomstick Performance ------------- Evolutions (1) 500 Regions Visited (6) 1200 Robots Destroyed (47) 235 Value Destroyed (906) 906 Prototype IDs (29) 580 Alien Tech Used (0) 0 Bonus (249) 249 TOTAL SCORE: 3670 Bonus ------- Aligned with FarCom 300 Friendly Fire -51 Cogmind --------- Core Integrity 0/400 Matter 226/300 Energy 88/100 System Corruption 0% Temperature Cool (0) Movement Treading (360) Ox2 Location -8/Mines Parts ------- > --- POWER (1) -------- (None) > --- PROPULSION (2) --- Light Treads > --- UTILITY (4) ------ High-capacity Storage Unit Experimental Targeting Computer Core Shielding Hacking Suite > --- WEAPON (2) ------- (None) > --- INVENTORY (20) --- Ion Engine Improved Ion Engine Experimental Heat Sink Advanced Weapon Cycler Core Shielding Skeleton Box Chronowheel Assault Rifle Assault Rifle Assault Rifle Heavy Assault Rifle Mining Laser Katana Deploy-a-Sentry Peak State ------------ > --- POWER ------------ Reinforced Fission Core > --- PROPULSION ------- Light Treads Advanced Myomer Leg > --- UTILITY ---------- Experimental Heat Sink High-capacity Storage Unit Experimental Targeting Computer Hacking Suite > --- WEAPON ----------- AWS/Gauss > --- INVENTORY -------- Ion Engine Improved Ion Engine Wheel Compact Wheel Compact Wheel Advanced Weapon Cycler Core Shielding Core Shielding Skeleton Box Chronowheel Assault Rifle Assault Rifle Assault Rifle Assault Rifle Heavy Assault Rifle Mining Laser Katana [Rating: 52] Favorites ----------- Power Improved Ion Engine Engine Improved Ion Engine Power Core Reinforced Fission Core Reactor Cold Fusion Reactor Propulsion Light Treads Treads Light Treads Leg Advanced Myomer Leg Wheel Compact Wheel Utility Hacking Suite Device Thief Drone Bay Storage High-capacity Storage Unit Processor Experimental Targeting Computer Hackware Hacking Suite Protection Core Shielding Weapon Assault Rifle Ballistic Gun Assault Rifle Launcher Rocket Launcher Slashing Weapon Katana Build | -11 -10 -10 -9 -9 -9 -8 ------- Run | Scr Mat Min Mat Min Exi Min Slots Evolved 2 | . . . 2 . . . Power . | . . . . . . . Propulsion . | . . . . . . . Utility 2 | . . . 2 . . . Weapon . | . . . . . . . Parts Attached 53 | 2 1 2 10 7 24 7 Power 6 | . . . 1 1 4 . Engine 2 | . . . 1 1 . . Core 2 | . . . . . 2 . Reactor 2 | . . . . . 2 . Propulsion 17 | 2 . . 3 2 7 3 Treads 12 | 2 . . 3 2 4 1 Leg 3 | . . . . . 3 . Wheel 2 | . . . . . . 2 Hover . | . . . . . . . Flight . | . . . . . . . Utility 17 | . 1 1 4 2 8 1 Device 2 | . . 1 . . 1 . Storage 4 | . 1 . . 1 2 . Processor 1 | . . . . . 1 . Hackware 5 | . . . 3 . 2 . Protection 5 | . . . 1 1 2 1 Artifact . | . . . . . . . Weapon 13 | . . 1 2 2 5 3 Energy Gun . | . . . . . . . Energy Cannon . | . . . . . . . Ballistic Gun 9 | . . . 2 1 3 3 Ballistic Cannon . | . . . . . . . Launcher 3 | . . 1 . 1 1 . Special Weapon . | . . . . . . . Impact Weapon . | . . . . . . . Slashing Weapon 1 | . . . . . 1 . Piercing Weapon . | . . . . . . . Special Melee Weapon . | . . . . . . . Unidentified Prototypes 6 | . . 1 . . 5 . Parts Lost 17 | . . 1 . 3 6 7 Power 3 | . . 1 . . 1 1 Propulsion 9 | . . . . 2 3 4 Utility 2 | . . . . 1 1 . Weapon 3 | . . . . . 1 2 Highest Loss Streak 7 | . . 1 . 2 4 7 Average Slot Usage (%) 91 | . 85 82 94 99 90 79 Engine 6 | . 14 1 7 11 4 . Core 1 | . . . . . 3 . Reactor 1 | . . . . . 2 8 Treads 19 | . 28 28 21 21 15 15 Leg 2 | . . . . . 5 . Device 7 | . . 10 11 11 7 . Storage 11 | . 14 14 11 11 11 11 Processor 3 | . . . . . 6 11 Hackware 10 | . . . 16 11 11 11 Protection 5 | . . . 3 11 5 2 Ballistic Gun 18 | . 28 27 18 22 14 17 Naked Turns . | . . . . . . . Heaviest Build 73 | 14 34 30 37 57 73 58 Greatest Support 50 | 40 40 40 40 40 50 40 Greatest Overweight (x) 16 | . . . . 1 3 16 Average Overweight (x) . | . . . . . 1 3 Largest Inventory Capacity 20 | 8 15 15 15 20 20 20 Average Capacity 17 | 8 9 15 15 18 20 20 Most Carried 20 | 6 7 9 15 15 20 20 Average Carried 14 | 6 6 7 11 14 18 18 Final Capacity 20 | 8 15 15 15 20 20 20 Final Carried 20 | 6 7 9 12 15 20 14 Class Distribution -------------------- 67% | Scavenger-Mutant 23% | Mutant 9% | Hacker-Mutant Dominant Class ---------------- Mutant | -10/Materials Mutant | -10/Mines Hacker-Mutant | -9/Materials Scavenger-Mutant | -9/Mines Scavenger-Mutant | -9/Exiles Scavenger-Mutant | -8/Mines Resources | -11 -10 -10 -9 -9 -9 -8 ----------- Run | Scr Mat Min Mat Min Exi Min Matter Collected 1270 | 220 106 3 401 270 270 . Remotely . | . . . . . . . Salvage Created 1691 | . 184 11 594 306 547 49 Parts 139 | . 14 . 47 19 56 3 Haulers Intercepted 2 | . 1 . 1 . . . Recyclers Shooed 1 | . . . . 1 . . Parts Field Recycled . | . . . . . . . Retrieved Matter . | . . . . . . . Parts Self-Destructed . | . . . . . . . Prevented . | . . . . . . . Kills | -11 -10 -10 -9 -9 -9 -8 ------- Run | Scr Mat Min Mat Min Exi Min Combat Hostiles Destroyed 29 | . 2 2 12 7 5 1 Melee 1 | . . . . . . 1 Guns 24 | . 2 2 12 3 5 . AOE 4 | . . . . 4 . . Classes Destroyed 16 | . 4 2 6 1 2 1 Worker 1 | . . . 1 . . . Builder 2 | . 1 . . 1 . . Tunneler 2 | . . . 1 1 . . Hauler 2 | . 1 . 1 . . . Recycler 2 | . . . . 2 . . Operator 1 | . . . 1 . . . Turret 1 | . . . . . 1 . Watcher 2 | . 1 . 1 . . . Swarmer 7 | . . . 3 4 . . Grunt 9 | . 2 . 5 2 . . Duelist 2 | . . . 1 1 . . Sentry 3 | . . . 3 . . . Demolisher 1 | . . 1 . . . . Hunter 1 | . . . . . . 1 Zionite 8 | . . . . . 8 . Assembled 5 | . . 1 . . 4 . Best Kill Streak 6 | . 3 1 4 5 6 1 Combat Bots Only 4 | . 2 1 3 4 4 1 Max Kills in Single Turn 2 | . 1 1 1 2 1 1 Gunslinging . | . . . . . . . Exploded 2 | . . . . 2 . . Melee 1 | . . . . . . 1 Uniques/NPCs Destroyed 4 | . . . . . 4 . 8R-AWN (-9/Exiles) EX-DEC (-9/Exiles) EX-BIN (-9/Exiles) EX-HEX (-9/Exiles) Combat | -11 -10 -10 -9 -9 -9 -8 -------- Run | Scr Mat Min Mat Min Exi Min Damage Taken 3290 | . 30 360 576 337 916 1071 Core 467 | . . 46 39 50 113 219 Absorbed by Shields . | . . . . . . . Core Remaining (%) 90 | 100 . 81 . . . . Volleys Fired 109 | . 19 4 53 22 5 6 Largest 2 | . 2 2 2 2 2 2 Hottest 53 | . 40 40 53 43 43 48 Shots Fired 329 | . 38 8 106 42 113 22 Gun 322 | . 38 8 105 40 109 22 Cannon . | . . . . . . . Launcher 7 | . . . 1 2 4 . Special . | . . . . . . . Kinetic 322 | . 38 8 105 40 109 22 Thermal . | . . . . . . . Explosive 7 | . . . 1 2 4 . Electromagnetic . | . . . . . . . Robot Hit Streak 47 | . 10 2 13 8 47 16 Robot Miss Streak 4 | . 4 3 3 2 2 1 Penetration Max . | . . . . . . . Secondary Targets 1 | . . . 1 . . . Max Gunslinging Chain 1 | . . . 1 . . . Autonomous 118 | . . . . . 107 11 Shots Hit Robots 262 | . 24 3 76 32 106 21 Core Hits 92 | . 9 4 28 13 33 5 Critical Hits 4 | . 1 . 1 . 2 . Critical Kills 1 | . . . . . 1 . Critical Parts Destroyed 3 | . 1 . 1 . 1 . Melee Attacks 9 | . . . . . 8 1 Impact . | . . . . . . . Slashing 9 | . . . . . 8 1 Piercing . | . . . . . . . Sneak Attacks 1 | . . . . . . 1 Combat Hostiles 1 | . . . . . . 1 Follow-up Attacks . | . . . . . . . Damage Inflicted 6241 | . 274 52 1069 746 3538 562 Guns 4863 | . 274 52 1027 407 2631 472 Cannons . | . . . . . . . Explosions 510 | . . . 25 337 148 . Melee 849 | . . . . . 759 90 Ramming 19 | . . . 17 2 . . Kinetic 4863 | . 274 52 1027 407 2631 472 Thermal . | . . . . . . . Explosive 510 | . . . 25 337 148 . Electromagnetic . | . . . . . . . Impact . | . . . . . . . Slashing 849 | . . . . . 759 90 Piercing . | . . . . . . . Highest Corruption . | . . . . . . . Average Corruption . | . . . . . . . Corruption Purged . | . . . . . . . Overload Shots . | . . . . . . . Overflow Damage 130 | . . . . 61 69 . Projectiles . | . . . . . . . Explosions 61 | . . . . 61 . . Melee 69 | . . . . . 69 . Knockbacks . | . . . . . . . Impact . | . . . . . . . Kinetic . | . . . . . . . Secondary . | . . . . . . . Self-Inflicted Damage 53 | . . . . 53 . . Shots 2 | . . . . 2 . . Rammed 3 | . . . 2 1 . . Targets Rammed 4 | . . . 2 2 . . Kicked . | . . . . . . . Crushed 1 | . . . . 1 . . Highest Temperature 6 | . . . 6 . . . Average Temperature 5 | . . . 5 . . . Received Heat Transfer 243 | . 18 . 204 21 . . Siege Activations . | . . . . . . . Robots Corrupted . | . . . . . . . Combat Hostiles . | . . . . . . . Parts Fried . | . . . . . . . Impact Corruptions . | . . . . . . . Robots Melted . | . . . . . . . Combat Hostiles . | . . . . . . . Parts Melted . | . . . . . . . Heat Transferred . | . . . . . . . Parts Sabotaged . | . . . . . . . Parts Stolen . | . . . . . . . Parts Stripped . | . . . . . . . Power Chain Reactions . | . . . . . . . Missiles Intercepted . | . . . . . . . Alert | -11 -10 -10 -9 -9 -9 -8 ------- Run | Scr Mat Min Mat Min Exi Min Peak Influence 339 | . 109 35 339 307 . 30 Initial 132 | . . 1 13 132 . . Average 104 | . 62 20 97 173 . 19 Maximum Alert Level 1 | . . . 1 1 . . Low Security (%) 84 | 100 100 100 84 66 . 100 Level 1 15 | . . . 15 33 . . Level 2 . | . . . . . . . Level 3 . | . . . . . . . Level 4 . | . . . . . . . Level 5 . | . . . . . . . High Security . | . . . . . . . Max Security . | . . . . . . . Squads Dispatched 4 | . 2 . 2 . . . Investigation 2 | . 2 . . . . . Extermination . | . . . . . . . Reinforcement 2 | . . . 2 . . . Assault . | . . . . . . . Garrison . | . . . . . . . Intercept . | . . . . . . . Construction Impeded . | . . . . . . . Haulers Reinforced . | . . . . . . . Stealth | -11 -10 -10 -9 -9 -9 -8 --------- Run | Scr Mat Min Mat Min Exi Min Distress Signals 3 | . 1 . 2 . . . Communications Jammed . | . . . . . . . Distress Signals . | . . . . . . . Times Spotted 71 | . 5 6 21 8 30 1 Peak Tracking Total 9 | . 3 2 6 4 9 1 Tactical Retreats 7 | . . . 1 1 5 . Traps | -11 -10 -10 -9 -9 -9 -8 ------- Run | Scr Mat Min Mat Min Exi Min Traps Triggered 1 | . 1 . . . . . Indirectly . | . . . . . . . Trap Hack Attempts . | . . . . . . . Triggered . | . . . . . . . Disarmed . | . . . . . . . Reprogrammed . | . . . . . . . Reused . | . . . . . . . Traps Extracted . | . . . . . . . Installed . | . . . . . . . Triggered . | . . . . . . . Exploded 3 | . . . . . 3 . Machines | -11 -10 -10 -9 -9 -9 -8 ---------- Run | Scr Mat Min Mat Min Exi Min Machines Disabled 13 | . . 1 1 . 11 . Max in Single Turn 1 | . . . 1 . 1 . Machines Sabotaged . | . . . . . . . Garrisons Compromised . | . . . . . . . Overloaded Fab Kills . | . . . . . . . Fab Network Shutdowns . | . . . . . . . Hacking | -11 -10 -10 -9 -9 -9 -8 --------- Run | Scr Mat Min Mat Min Exi Min Machines Accessed 12 | . 5 1 4 . 2 . Terminals 8 | . 5 . 3 . . . Fabricators . | . . . . . . . Repair Stations 1 | . . . 1 . . . Recycling Units . | . . . . . . . Scanalyzers . | . . . . . . . Garrison Access . | . . . . . . . Total Hacks 38 | . 13 1 22 . 2 . Successful 21 | . 7 1 11 . 2 . Failed 17 | . 6 . 11 . . . Catastrophic 2 | . 1 . 1 . . . Database Lockouts . | . . . . . . . Manual 19 | . 6 . 12 . 1 . Terminals 26 | . 13 . 13 . . . Fabricators . | . . . . . . . Repair Stations 9 | . . . 9 . . . Recycling Units . | . . . . . . . Scanalyzers . | . . . . . . . Garrison Access . | . . . . . . . Terminal Hacks 10 | . 4 1 3 . 2 . Record 1 | . . . . . 1 . Part Schematic 1 | . . . 1 . . . Open Door 1 | . . 1 . . . . Branch Access Points 1 | . . . 1 . . . Locate Traps 2 | . 1 . 1 . . . Recall Investigation 1 | . 1 . . . . . Zone Layout 2 | . 2 . . . . . EX-Prototype ID Bank 1 | . . . . . 1 . Fabricator Hacks . | . . . . . . . Repair Station Hacks 8 | . . . 8 . . . Scan Component 4 | . . . 4 . . . Repair 4 | . . . 4 . . . Recycling Unit Hacks . | . . . . . . . Scanalyzer . | . . . . . . . Garrison Access Hacks . | . . . . . . . Unauthorized Hacks 3 | . 3 . . . . . Terminals 3 | . 3 . . . . . Track 2 | . 2 . . . . . Botnet 1 | . 1 . . . . . Fabricators . | . . . . . . . Repair Stations . | . . . . . . . Recycling Units . | . . . . . . . Scanalyzers . | . . . . . . . Garrison Access . | . . . . . . . Data Cores Recovered . | . . . . . . . Used . | . . . . . . . Hacking Detections 8 | . 5 . 3 . . . Full Trace Events 1 | . 1 . . . . . Feedback Events . | . . . . . . . Feedback Blocked . | . . . . . . . Robot Schematics Acquired . | . . . . . . . Robots Built . | . . . . . . . Matter . | . . . . . . . Time . | . . . . . . . Total Robot Build Rating . | . . . . . . . Part Schematics Acquired 1 | . . . 1 . . . Parts Built . | . . . . . . . Matter . | . . . . . . . Time . | . . . . . . . Total Part Build Rating . | . . . . . . . Parts Repaired 4 | . . . 4 . . . Time 104 | . . . 104 . . . Parts Recycled . | . . . . . . . Recycled Matter . | . . . . . . . Retrieved Matter . | . . . . . . . Retrieved Components . | . . . . . . . Parts Scanalyzed . | . . . . . . . Part Schematics Acquired . | . . . . . . . Parts Damaged . | . . . . . . . Bothacking | -11 -10 -10 -9 -9 -9 -8 ------------ Run | Scr Mat Min Mat Min Exi Min Used RIF Installer . | . . . . . . . Robots Hacked . | . . . . . . . Non-combat . | . . . . . . . Combat . | . . . . . . . Robot Hacks Applied . | . . . . . . . Relay Couplers Released . | . . . . . . . Robots Rewired . | . . . . . . . Allies Hacked . | . . . . . . . Hacks Repelled . | . . . . . . . Allies | -11 -10 -10 -9 -9 -9 -8 -------- Run | Scr Mat Min Mat Min Exi Min Total Allies 1 | . . 1 . . . . Largest Group 1 | . . 1 . . . . Highest-Rated Group 31 | . . 31 . . . . Highest-Rated Ally 31 | . . 31 . . . . Total Orders . | . . . . . . . Ally Attacks 12 | . . 2 . . 10 . Total Damage 98 | . . 20 . . 78 . Kills 1 | . . 1 . . . . Allies Corrupted . | . . . . . . . Allies Melted . | . . . . . . . Intel | -11 -10 -10 -9 -9 -9 -8 ------- Run | Scr Mat Min Mat Min Exi Min Robot Analysis Total . | . . . . . . . Derelict Logs Recovered 1 | . . 1 . . . . Drone Launches 4 | . . . . . 4 . Drone Recoveries 1 | . . . . . 1 . Exploration | -11 -10 -10 -9 -9 -9 -8 ------------- Run | Scr Mat Min Mat Min Exi Min Turns Passed 4668 | 12 463 296 746 799 2295 57 Spaces Moved 1863 | 7 252 175 278 320 823 8 Core 1 | . . . . . . 1 Treads 1537 | 4 252 175 278 320 501 7 Legs 325 | 3 . . . . 322 . Wheels . | . . . . . . . Hover . | . . . . . . . Flight . | . . . . . . . Fastest Speed 120 | 120 160 160 160 160 130 260 Average Speed 216 | 142 160 160 160 224 261 346 Slowest Speed 850 | 160 160 160 160 260 460 850 Overloaded Moves . | . . . . . . . Propulsion Burnouts . | . . . . . . . Robots Hopped . | . . . . . . . Cave-ins Triggered . | . . . . . . . Exploration Rate (%) 43 | 2 53 42 30 85 91 4 Regions Visited 6 Branch Regions 4 Pre-discovered Areas 1 | . . . . . 1 . Known Exits Taken 1 | . . . 1 . . . Unknown Exits Taken 5 | 1 1 1 . 1 1 . Scrap Searched 1 | . . . . 1 . . Spaces Dug . | . . . . . . . Terrain Destroyed 65 | . . . 8 13 34 10 Melee . | . . . . . . . Projectile 44 | . . . . . 34 10 AOE 21 | . . . 8 13 . . Terrain Rammed . | . . . . . . . Walls Destroyed . | . . . . . . . Machines Disabled . | . . . . . . . Actions | -11 -10 -10 -9 -9 -9 -8 --------- Run | Scr Mat Min Mat Min Exi Min Total 2270 | 8 274 182 472 355 950 29 Wait 175 | . 2 . 114 . 56 3 Move 1857 | 6 251 174 277 319 822 8 Hop . | . . . . . . . Pick Up 26 | . . 2 9 4 11 . Fast Attach 23 | . 1 1 6 1 13 1 Attach 16 | . . . 1 2 8 5 Detach 13 | . 1 . 2 . 9 1 Swap 14 | 2 . 1 3 4 3 1 Drop 24 | . . . 5 1 15 3 Fire 109 | . 19 4 53 22 5 6 Melee 9 | . . . . . 8 1 Ram . | . . . . . . . Kick . | . . . . . . . Crush 4 | . . . 2 2 . . Escape Stasis . | . . . . . . . Rewire . | . . . . . . . Trap . | . . . . . . . Miscellaneous . | . . . . . . . Route ------- -11/Scrapyard -10/Materials (discovered 3 exits: *Mat x2 / *Min) -10/Mines -9/Materials (discovered 3 exits: [*Mat] / *Min x2) -9/Mines (discovered 2 exits: [*Mat] / *Exi) -9/Exiles -8/Mines History --------- Turn | Location | Event 1 | -11/Scrapyard | Discovered new exit (range 3) 13 | -11/Scrapyard | Entered Materials 312 | -10/Materials | Discovered new exit (range 16) 313 | -10/Materials | Build established: Mutant 430 | -10/Materials | Discovered new exit (range 14) 446 | -10/Materials | Discovered new exit (range 15) 476 | -10/Materials | Entered Mines 481 | -10/Mines | Learned Materials terminal intel 485 | -10/Mines | Assembled infested the area 486 | -10/Mines | Met a Derelict bent on vengeance 546 | -10/Mines | Found the Drone Emporium 551 | -10/Mines | Found Prototype Device 551 | -10/Mines | Identified Thief Drone Bay 610 | -10/Mines | Received a Mining Laser from a helpful Derelict 740 | -10/Mines | Received a Rocket Launcher from a helpful Derelict 762 | -10/Mines | Discovered new exit (range 6) 772 | -10/Mines | Entered Materials 772 | -9/Materials | Evolved 2 slots: Utility x2 773 | -9/Materials | Loaded intel: 12 terminal locations 901 | -9/Materials | Repaired Lgt. Treads 928 | -9/Materials | Repaired Lgt. Treads 956 | -9/Materials | Repaired Assault Rifle 983 | -9/Materials | Repaired Assault Rifle 1076 | -9/Materials | Discovered new exit (range 12) 1091 | -9/Materials | Identified exit to Mines 1112 | -9/Materials | Build established: Hacker-Mutant 1518 | -9/Materials | Entered Mines 1837 | -9/Mines | Build established: Scavenger-Mutant 1958 | -9/Mines | Discovered new exit (range 8) 2304 | -9/Mines | Deemed a non-threat by the Exiles lab entrance 2306 | -9/Mines | Discovered new exit (range 5) 2317 | -9/Mines | Entered Exiles 2385 | -9/Exiles | Met 8R-AWN 2430 | -9/Exiles | Met EX-HEX 2569 | -9/Exiles | Met EX-DEC 2621 | -9/Exiles | Learned location of Zion (-6) 2681 | -9/Exiles | Met EX-BIN 2808 | -9/Exiles | Aligned with FarCom system 2811 | -9/Exiles | Given EX-Vault access code 2871 | -9/Exiles | Opened EX-Vault 2890 | -9/Exiles | Found AWS/Gauss 2917 | -9/Exiles | Found Chronowheel 2967 | -9/Exiles | Warned to stay clear of 0b10 Research branches 3124 | -9/Exiles | Attacked by the Exiles 3262 | -9/Exiles | Destroyed 8R-AWN 3290 | -9/Exiles | Found Prototype Processor 3290 | -9/Exiles | Identified Exp. Targeting Computer 3293 | -9/Exiles | Lost 4 parts (1p2n1u) 3736 | -9/Exiles | Found Skeleton Box 3995 | -9/Exiles | Core integrity fell below 50% 4035 | -9/Exiles | Destroyed EX-DEC 4037 | -9/Exiles | Destroyed EX-BIN 4055 | -9/Exiles | Destroyed EX-HEX 4088 | -9/Exiles | Found Deploy-a-Sentry 4586 | -9/Exiles | Discovered new exit (range 12) 4612 | -9/Exiles | Stole four prototypes: Skeleton Box, Chronowheel, AWS/Gauss, Deploy-a-Sentry 4612 | -9/Exiles | Entered Mines 4630 | -8/Mines | 12-ASH came to Exiles' defense 4656 | -8/Mines | Core integrity fell below 20% 4669 | -8/Mines | Destroyed by 12-ASH with 12-ASH's Boomstick Last Messages --------------- 04654_ Dropped Gauss Rifle. 04656_ Cold Fusion Reactor destroyed. 04656_ Wheel destroyed. 04658_ Com. Wheel destroyed. 04658_ Slug penetrates 12-ASH. 04660_ Slug penetrates Wall. 04661_ Slug penetrates 12-ASH. 04662_ Destroyed Triangulator. 04663_ Slug penetrates 12-ASH. 04663_ Destroyed Adv. Reaction Control System. 04663_ Slug penetrates Earth. 04663_ U-05 Engineer builds a Wall. 04664_ Slug penetrates 12-ASH. 04664_ Slug penetrates Wall. 04664_ U-05 Engineer builds a Wall. 04666_ Slug penetrates 12-ASH. 04666_ Slug penetrates Wall. 04666_ R-06 Scavenger collects Gauss Rifle. 04667_ U-05 Engineer builds a Wall. 04669_ AWS/Gauss destroyed. Map ----- +----------------------------------------------------+ | ??????????????????????????????????????????? | | ??????????????????????????????????????????? | | ??????????????????????????????????????????? | | ??????????????????????????????????????????? | | ??????????????????????????????????????????? | | ??????????????????????????????????????????? | | ??????????????????????????????????????????? | | ??????????????????????????????????????????? | | ??????????????????????????????????????????? | | ??????????????????????????????????????????? | | ??????????????????????????????????????????? | | ??????????????????????????????????????????? | | ??????????????????????????????????????????? | | ??????????????????????????????????????????? | | ??????????????????????????????????????????? | | ??????????????????????????????????????????? | | ??????????????????????????????????????????? | | ?????????????????????????????##???????????? | | ????????????????????????????#;????????????? | | ???????????????????????????# #??#?????????? | | ??????????????????????????# ##;####??????? | | ????????????????????????## ;; #??????? | | ???????????????????????## #???????? | | ?????????????????????### #????????? | | ???????????????# #####r #?????????? | | ???????????????# uu g =@= ;#?????????? | | ???????????????######;##%[ ###?????????? | | ????????????????# ##?########???????????? | | ???????????????# ????????????????????????? | | ???????????????#??????????????????????????? | | | | | | | | | | | | | | | | | | | | | | | | | | | | | | | | | | | | | | | | | +----------------------------------------------------+ Best States ------------- Heat Dissipation 54 Energy Generation 19 Energy Capacity 310 Matter Stores 300 Matter Capacity 300 Sight Range 16 Terrain Scan Density 10 Armor Coverage 150 Core Shielding 20 Evasion (%) 40 Targeting Accuracy 12 Recoil Reduction 2 Offensive Hacking 10 Defensive Hacking 20 Item Schematics ----------------- Huge Storage Unit | -9/Materials | Hacked Robot Schematics ------------------ None Fabricated ------------ Nothing Alien Tech Used ----------------- None Achievements -------------- None Challenges ------------ None Game ------ Seed PowerCompositeScreen Manual? 0 Play Time 00:24:52 Cumulative 317.7 hours Start 2021.03.24 @ 22:46:01 End 2021.03.25 @ 08:37:48 Sessions 5 Manual Loads 0 Difficulty Rogue Special Mode None Game No. 314 Rogue 144 Adventurer 92 Explorer 78 Win Type - Total 23 Types 16/0/5/2/0/0/0/0/0 Lore% 80 Gallery% 88 Achievement% 69 Wizard Run 0 Options --------- ASCII 0 Keyboard 0 Movement Numpad Keybinds 0 Fullscreen 2 Font 18/TerminusBold Map View 76x50 Tactical HUD 1 Map Filters NONE Filters NONE Steam 1 RUN: 9c5ff2ef-4f23-47c2-ad13-f13d0eabf973